Cogmind - Beta 15 *** ADVENTURER MODE // 2025.06.29 @ 18:15:13 Player: JakeTheIceMan Result: Self-destructed Performance ------------- Evolutions (5) 2500 Regions Visited (15) 3000 Robots Destroyed (213) 1065 Value Destroyed (7177) 7177 Prototype IDs (4) 80 Alien Tech Used (0) 0 Bonus (653) 653 TOTAL SCORE: 14475 Bonus ------- High Alert Combat Kills 99 Entered DSFs 500 Acquired ECA 300 Friendly Fire -246 Cogmind --------- Core Integrity 719/1000 Matter 173/300 Energy 300/300 System Corruption 6% Temperature Cool (0) Movement Treading (165) Location -4/Proximity Caves Parts ------- > --- POWER (2) -------- Enhanced Nuclear Core > --- PROPULSION (4) --- Armored Treads Armored Treads Medium Treads Improved Medium Treads > --- UTILITY (7) ------ Medium Storage Unit Advanced Signal Interpreter Encrypted Comm Array Advanced Targeting Computer Armor Integrity Analyzer Hardened Light Armor Plating Advanced Shield Generator > --- WEAPON (4) ------- Precision Beam Rifle Heavy Machine Gun Mass Driver > --- INVENTORY (10) --- Armored Treads Large Storage Unit High-capacity Matter Pod (200) Improved Kinecellerator System Shield Mini Grenade Launcher Peak State ------------ > --- POWER ------------ Enhanced Nuclear Core Enhanced Nuclear Core > --- PROPULSION ------- Armored Treads Armored Treads Medium Treads Improved Medium Treads > --- UTILITY ---------- Medium Storage Unit Advanced Signal Interpreter Encrypted Comm Array Advanced Targeting Computer Armor Integrity Analyzer Hardened Light Armor Plating Advanced Shield Generator > --- WEAPON ----------- Precision Beam Rifle Heavy Machine Gun Heavy Machine Gun Mass Driver > --- INVENTORY -------- Armored Treads Large Storage Unit High-capacity Matter Pod Improved Kinecellerator Makeshift Hacking Suite System Shield Recalibrator Mini Grenade Launcher [Rating: 73] Favorites ----------- Power Enhanced Nuclear Core Engine Ion Engine Power Core Enhanced Nuclear Core Propulsion Improved Aluminum Leg Treads Armored Treads Leg Improved Aluminum Leg Utility Sensor Array Device Sensor Array Storage Medium Storage Unit Processor Transport Network Coupler Hackware Hacking Suite Protection Hardened Light Armor Plating Weapon Heavy Machine Gun Energy Gun Precision Beam Rifle Energy Cannon Phase Cannon Ballistic Gun Heavy Machine Gun Ballistic Cannon Mass Driver Launcher Mini Grenade Launcher Special Melee Weapon Datajack Build | -11 -10 -9 -9 -9 -8 -8 -8 -7 -6 -6 -5 -5 -5 -5 -4 ------- Run | Yrd Mat Mat Min Exi Min Mat Sto Fac Fac DSF Fac Upp Upp Zhi Pro Slots Evolved 10 | . . 2 . . . 2 . 2 2 . 2 . . . . Power 1 | . . . . . . . . 1 . . . . . . . Propulsion 2 | . . . . . . 1 . . . . 1 . . . . Utility 5 | . . 2 . . . 1 . . 1 . 1 . . . . Weapon 2 | . . . . . . . . 1 1 . . . . . . Parts Attached 100 | 6 13 8 1 . 6 10 12 15 2 10 9 5 1 2 . Power 17 | 2 1 1 1 . 1 1 2 6 . 2 . . . . . Engine 10 | 2 1 1 1 . 1 . 2 2 . . . . . . . Core 7 | . . . . . . 1 . 4 . 2 . . . . . Reactor . | . . . . . . . . . . . . . . . . Propulsion 27 | 2 4 1 . . . 4 4 5 . 4 1 2 . . . Treads 10 | . . . . . . . . 3 . 4 1 2 . . . Leg 17 | 2 4 1 . . . 4 4 2 . . . . . . . Wheel . | . . . . . . . . . . . . . . . . Hover . | . . . . . . . . . . . . . . . . Flight . | . . . . . . . . . . . . . . . . Utility 33 | 1 4 4 . . 3 3 1 3 1 2 6 2 1 2 . Device 9 | . 1 . . . 1 . . 1 . 2 1 2 . 1 . Storage 5 | 1 3 . . . . . . . . . 1 . . . . Processor 6 | . . 2 . . . . . 1 . . 2 . 1 . . Hackware 2 | . . . . . . 1 . . . . . . . 1 . Protection 11 | . . 2 . . 2 2 1 1 1 . 2 . . . . Artifact . | . . . . . . . . . . . . . . . . Weapon 23 | 1 4 2 . . 2 2 5 1 1 2 2 1 . . . Energy Gun 5 | . 2 . . . 1 1 . 1 . . . . . . . Energy Cannon 3 | . . . . . . . 1 . 1 1 . . . . . Ballistic Gun 10 | 1 2 2 . . . 1 2 . . 1 1 . . . . Ballistic Cannon 1 | . . . . . . . . . . . . 1 . . . Launcher 3 | . . . . . 1 . 1 . . . 1 . . . . Special Weapon . | . . . . . . . . . . . . . . . . Impact Weapon . | . . . . . . . . . . . . . . . . Slashing Weapon . | . . . . . . . . . . . . . . . . Piercing Weapon . | . . . . . . . . . . . . . . . . Special Melee Weapon 1 | . . . . . . . 1 . . . . . . . . Unidentified Prototypes 4 | . . . . . . 2 1 1 . . . . . . . Parts Lost 28 | . . 4 1 . 7 1 2 . . 1 7 2 2 1 . Power 4 | . . 1 1 . 1 . . . . . . . 1 . . Propulsion 4 | . . . . . 1 1 . . . . 2 . . . . Utility 12 | . . 1 . . 3 . 2 . . 1 3 1 1 . . Weapon 8 | . . 2 . . 2 . . . . . 2 1 . 1 . Highest Loss Streak 4 | . . 4 1 . 4 1 1 . . 1 4 1 2 1 . To Critical Strikes . | . . . . . . . . . . . . . . . . Average Backups 10 | 1 7 8 9 9 7 13 14 13 13 14 10 6 8 7 6 Power . | . 1 . 1 1 . . 1 2 2 . . . . . . Propulsion 1 | . 1 2 2 2 3 2 1 . 1 2 . . 1 1 1 Utility 5 | . 2 4 5 5 3 7 6 5 7 7 6 5 6 5 4 Weapon 1 | . 1 1 1 1 . 2 5 3 2 2 3 1 1 1 1 Tool/Special . | . . . . . . . . . . . . . . . . Unused Backups 8 | . 1 . . . . 1 1 1 . 2 . . . . 2 Power . | . . . . . . . . . . . . . . . . Propulsion 1 | . . . . . . . . . . 1 . . . . . Utility 7 | . 1 . . . . 1 1 1 . 1 . . . . 2 Weapon . | . . . . . . . . . . . . . . . . Tool/Special . | . . . . . . . . . . . . . . . . Average Slot Usage (%) 95 | . 92 97 98 100 97 97 99 94 96 99 89 91 99 89 88 Engine 6 | . 14 10 9 11 10 5 7 6 . . . . . . . Core 4 | . . . . . . 3 1 6 13 13 11 11 10 5 5 Treads 7 | . . . . . . . . 5 20 20 20 17 23 23 23 Leg 14 | . 28 21 22 22 21 26 27 16 . . . . . . . Device 11 | . 10 11 11 11 10 9 9 14 13 12 14 10 11 10 11 Storage 8 | . 14 11 11 11 11 9 9 7 6 6 5 5 5 5 5 Processor 9 | . . 12 11 11 11 9 9 7 6 6 5 11 11 17 17 Hackware 1 | . . . . . . 7 8 . . . . . . . . Protection 8 | . . 9 11 11 10 9 8 7 13 13 10 11 10 5 5 Energy Gun 3 | . 7 . . . 2 8 . . 6 6 5 5 5 5 5 Ballistic Gun 12 | . 16 21 22 22 9 . 8 14 13 13 5 11 11 6 5 Launcher 2 | . . . . . 9 9 2 5 . . 4 . . . . Peak Build Rating 73 | 5 12 14 14 14 16 29 32 43 48 60 70 71 73 68 62 Average Rating 36 | 3 9 13 13 14 15 24 29 38 47 55 65 61 70 62 62 On Entrance 33 | . 5 12 14 14 14 16 25 27 43 48 60 61 71 68 62 Naked Turns . | . . . . . . . . . . . . . . . . Heaviest Build 77 | 12 22 25 25 25 26 37 46 55 64 70 77 64 64 49 44 Greatest Support 98 | 20 26 26 26 26 26 41 51 76 76 76 88 98 98 98 98 Greatest Overweight (x) 14 | . . . . . . 1 1 1 . 1 1 1 . 14 . Average Overweight (x) . | . . . . . . . . . . . . . . . . Largest Inventory Capacity 15 | 8 15 10 10 10 10 15 15 15 15 15 15 10 10 10 10 Average Capacity 11 | 7 9 10 10 10 10 15 15 15 15 15 14 10 10 10 10 Most Carried 15 | 4 10 10 10 10 10 15 15 15 14 15 15 10 9 9 6 Average Carried 10 | 1 7 8 9 9 7 13 14 13 13 14 10 6 8 7 6 Final Capacity 15 | 8 10 10 10 10 10 15 15 15 15 15 10 10 10 10 10 Final Carried 15 | 3 10 9 9 9 8 15 13 15 13 15 6 9 8 6 6 Class Distribution -------------------- 31% | Tank 20% | Scavenger-Mutant 19% | Mutant 15% | Gunner 12% | Hacker-Mutant Dominant Class ---------------- Mutant | -10/Materials Scavenger-Mutant | -9/Materials Scavenger-Mutant | -9/Mines Scavenger-Mutant | -9/Exiles Mutant | -8/Mines Hacker-Mutant | -8/Materials Hacker-Mutant | -8/Storage Tank | -7/Factory Tank | -6/Factory Tank | -6/DSF Tank | -5/Factory Gunner | -5/Upper Caves Tank | -5/Upper Caves Gunner | -5/Zhirov Gunner | -4/Proximity Caves Resources | -11 -10 -9 -9 -9 -8 -8 -8 -7 -6 -6 -5 -5 -5 -5 -4 ----------- Run | Yrd Mat Mat Min Exi Min Mat Sto Fac Fac DSF Fac Upp Upp Zhi Pro Matter Collected 5204 | 216 336 585 29 . 251 403 523 1306 . 344 750 245 98 118 . Remotely . | . . . . . . . . . . . . . . . . Salvage Created 7234 | . 353 1071 137 . 575 782 803 1835 . 591 745 119 159 64 . Parts 401 | . 25 55 6 . 22 61 44 110 . 36 25 9 6 2 . Haulers Intercepted 11 | . 2 . . . . 2 1 3 . . 3 . . . . Recyclers Shooed 1 | . . . . . . . . . . . 1 . . . . Parts Field Recycled . | . . . . . . . . . . . . . . . . Retrieved Matter . | . . . . . . . . . . . . . . . . Parts Self-Destructed 24 | . . . . . . . . . . . . 18 6 . . Prevented 4 | . . . . . . . . . . . . 1 3 . . Kills | -11 -10 -9 -9 -9 -8 -8 -8 -7 -6 -6 -5 -5 -5 -5 -4 ------- Run | Yrd Mat Mat Min Exi Min Mat Sto Fac Fac DSF Fac Upp Upp Zhi Pro Combat Hostiles Destroyed 150 | . 7 20 3 . 15 18 17 38 . 12 13 4 3 . . Guns 91 | . 7 20 3 . 6 7 5 26 . 5 6 4 2 . . Cannons 14 | . . . . . . . 6 . . 6 1 . 1 . . AOE 42 | . . . . . 9 11 4 12 . . 6 . . . . Classes Destroyed 17 | . 4 3 . . 1 4 . 2 . 2 1 . . . . Worker 12 | . . . . . . 5 . 5 . . 2 . . . . Builder 17 | . . . . . . 8 4 3 . . 2 . . . . Tunneler 2 | . . . . . . 1 . 1 . . . . . . . Hauler 11 | . 2 . . . . 2 1 3 . . 3 . . . . Recycler 3 | . . 2 . . . . . . . . 1 . . . . Mechanic 1 | . . . . . . . . . . . 1 . . . . Operator 2 | . . . . . . 1 1 . . . . . . . . Watcher 14 | . 3 4 . . . 4 . 2 . . 1 . . . . Swarmer 27 | . 3 3 . . . 3 . 4 . 7 4 3 . . . Grunt 80 | . 4 12 3 . 14 11 8 19 . 2 5 . 2 . . Brawler 2 | . . 1 . . . . . 1 . . . . . . . Duelist 3 | . . . . . 1 1 . 1 . . . . . . . Sentry 21 | . . 4 . . . 3 9 4 . . . . 1 . . Specialist 2 | . . . . . . . . . . 2 . . . . . Hunter 5 | . . . . . . . . 5 . . . . . . . Programmer 9 | . . . . . . . . 4 . . 4 1 . . . Heavy 1 | . . . . . . . . . . 1 . . . . . Enhanced Grunt 1 | . . . . . . . . . . . . . . 1 . Best Kill Streak 10 | . 4 5 3 . 6 8 7 10 . 4 10 3 2 . . Combat Bots Only 8 | . 3 5 3 . 6 3 4 8 . 4 4 3 2 . . Max Kills in Single Turn 4 | . 1 1 1 . 2 4 2 3 . 1 2 1 1 1 . Gunslinging 1 | . . . . . . . 1 . . . . . . . . Exploded 2 | . . . . . 2 2 1 2 . . 2 . . . . Melee . | . . . . . . . . . . . . . . . . Uniques/NPCs Destroyed . | . . . . . . . . . . . . . . . . Combat | -11 -10 -9 -9 -9 -8 -8 -8 -7 -6 -6 -5 -5 -5 -5 -4 -------- Run | Yrd Mat Mat Min Exi Min Mat Sto Fac Fac DSF Fac Upp Upp Zhi Pro Hostile Shots Fired 842 | . 35 118 5 . 68 63 96 220 2 80 75 32 46 . 2 Missed 272 | . 11 30 1 . 18 27 25 82 . 24 26 11 15 . 2 Hits 570 | . 24 88 4 . 50 36 71 138 2 56 49 21 31 . . Melee 5 | . . . . . 2 2 . 1 . . . . . . . Projectile 565 | . 24 88 4 . 48 34 71 137 2 56 49 21 31 . . AOE 2 | . . . . . . . . . . . 2 . . . . Critical Strikes 14 | . . 1 . . 1 . 5 6 . . . . 1 . . Damage Taken 7533 | . 200 857 46 . 731 439 852 1028 15 1196 939 313 557 360 . Core 1466 | . 58 66 . . 93 67 114 143 . 644 70 13 155 43 . Absorbed by Shields 778 | . . . . . . . . 396 8 224 20 . 130 . . Ignored by Resistances 2168 | . 64 255 14 . 205 128 242 428 7 236 262 87 149 91 . Regen/Repaired (Parts) 301 | . . 170 . . . . . 131 . . . . . . . Core Remaining (%) 67 | 100 76 . . . 60 . 67 79 . 24 . . . . . Volleys Fired 444 | . 34 75 4 1 30 60 48 109 . 26 35 12 10 . . Largest 4 | . 2 2 2 2 2 2 2 3 . 4 4 4 4 . . Hottest 206 | . 60 46 46 46 99 99 110 116 . 201 206 206 168 . . Shots Fired 898 | . 61 145 8 2 42 89 94 251 . 72 54 36 41 3 . Gun 719 | . 61 145 8 2 31 60 41 216 . 49 38 34 31 3 . Cannon 78 | . . . . . . . 41 . . 23 2 2 10 . . Launcher 101 | . . . . . 11 29 12 35 . . 14 . . . . Special . | . . . . . . . . . . . . . . . . Kinetic 558 | . 39 145 8 2 30 . 41 199 . 26 11 24 30 3 . Thermal 230 | . 13 . . . 1 60 41 17 . 46 29 12 11 . . Explosive 101 | . . . . . 11 29 12 35 . . 14 . . . . Electromagnetic 9 | . 9 . . . . . . . . . . . . . . Robot Hit Streak 40 | . 15 23 8 . 16 26 40 22 . 28 11 12 26 27 . Robot Miss Streak 5 | . 2 3 . . 2 2 2 4 . 5 1 3 1 . . Penetration Max . | . . . . . . . . . . . . . . . . Secondary Targets 8 | . 2 3 . . . . 1 1 . . 1 . . . . Max Gunslinging Chain 1 | . 1 1 . . . . 1 1 . . 1 . . . . Shots Hit Robots 657 | . 48 101 7 . 35 74 77 173 . 50 34 24 33 1 . Core Hits 383 | . 20 39 5 . 35 67 41 100 . 22 36 7 10 1 . Critical Kills 4 | . . . . . . . 2 1 . 1 . . . . . Critical Parts Destroyed . | . . . . . . . . . . . . . . . . Critical Strikes 7 | . . . . . . 1 2 2 . 1 1 . . . . Burn 3 | . . . . . . 1 . 1 . . 1 . . . . Meltdown 3 | . . . . . . . 2 . . 1 . . . . . Destroy 1 | . . . . . . . . 1 . . . . . . . Melee Attacks 4 | . . . . . . . 4 . . . . . . . . Impact . | . . . . . . . . . . . . . . . . Slashing . | . . . . . . . . . . . . . . . . Piercing . | . . . . . . . . . . . . . . . . Sneak Attacks 1 | . . . . . . . 1 . . . . . . . . Combat Hostiles . | . . . . . . . . . . . . . . . . Follow-up Attacks . | . . . . . . . . . . . . . . . . Damage Inflicted 19504 | . 629 1565 109 . 1281 3221 2243 4852 . 1106 3060 694 721 23 . Guns 9258 | . 629 1565 109 . 410 892 566 2734 . 603 617 658 452 23 . Cannons 1707 | . . . . . . . 868 . . 503 31 36 269 . . Explosions 8532 | . . . . . 871 2322 809 2118 . . 2412 . . . . Melee . | . . . . . . . . . . . . . . . . Ramming 7 | . . . . . . 7 . . . . . . . . . Kinetic 7183 | . 416 1565 109 . 392 . 566 2518 . 279 189 546 580 23 . Thermal 3678 | . 109 . . . 18 892 868 216 . 827 459 148 141 . . Explosive 8532 | . . . . . 871 2322 809 2118 . . 2412 . . . . Electromagnetic 104 | . 104 . . . . . . . . . . . . . . Impact . | . . . . . . . . . . . . . . . . Slashing . | . . . . . . . . . . . . . . . . Piercing . | . . . . . . . . . . . . . . . . Highest Corruption 6 | . . . . . . . . 4 . . 4 6 6 6 6 Average Corruption 4 | . . . . . . . . 2 . . 2 5 6 6 6 Corruption Purged . | . . . . . . . . . . . . . . . . Corruption Blocked . | . . . . . . . . . . . . . . . . Effects 111 | . . . . . . . . 28 . . 5 32 15 31 . Message Errors 27 | . . . . . . . . 5 . . 2 7 3 10 . Matter Fused 23 | . . . . . . . . 7 . . . 7 3 6 . Heat Flow Errors 11 | . . . . . . . . . . . . 2 4 5 . Energy Discharges 19 | . . . . . . . . 6 . . 1 9 . 3 . Data Loss (minor) 13 | . . . . . . . . 6 . . 1 3 1 2 . Data Loss (major) 6 | . . . . . . . . 1 . . 1 1 1 2 . Misfires 7 | . . . . . . . . . . . . 3 1 3 . Alerts 3 | . . . . . . . . 1 . . . . 2 . . Weapon Failures 2 | . . . . . . . . 2 . . . . . . . Overload Shots . | . . . . . . . . . . . . . . . . Overflow Damage 353 | . . . . . . 67 19 41 . . 226 . . . . Projectiles . | . . . . . . . . . . . . . . . . Explosions 353 | . . . . . . 67 19 41 . . 226 . . . . Melee . | . . . . . . . . . . . . . . . . Knockbacks . | . . . . . . . . . . . . . . . . Impact . | . . . . . . . . . . . . . . . . Kinetic . | . . . . . . . . . . . . . . . . Secondary . | . . . . . . . . . . . . . . . . Self-Inflicted Damage 260 | . . . . . 28 5 . 86 . . 141 . . . . Shots 13 | . . . . . 2 1 . 6 . . 4 . . . . Rammed . | . . . . . . . . . . . . . . . . Targets Rammed 1 | . . . . . . 1 . . . . . . . . . Kicked 1 | . . . . . . 1 . . . . . . . . . Crushed . | . . . . . . . . . . . . . . . . Highest Temperature 1884 | . 30 22 . . 48 206 440 343 . 1884 483 360 812 251 . Average Temperature 141 | . 17 4 . . 14 64 157 66 . 382 131 139 217 85 . Received Heat Transfer 2629 | . 108 489 33 . 450 180 567 294 . 78 162 . 268 . . Effects 88 | . . . . . . . 6 . . 51 7 . 24 . . Shutdowns 23 | . . . . . . . 1 . . 16 4 . 2 . . Energy Bleed 14 | . . . . . . . 2 . . 7 1 . 4 . . Interference 18 | . . . . . . . . . . 4 2 . 12 . . Matter Decay 9 | . . . . . . . 2 . . 5 . . 2 . . Short Circuit 5 | . . . . . . . . . . 2 . . 3 . . Damage (minor) 3 | . . . . . . . 1 . . 2 . . . . . Damage (major) 10 | . . . . . . . . . . 10 . . . . . Damage (core) 6 | . . . . . . . . . . 5 . . 1 . . Siege Activations . | . . . . . . . . . . . . . . . . Martial Activations . | . . . . . . . . . . . . . . . . Shielding Activations . | . . . . . . . . . . . . . . . . Robots Disrupted 1 | . 1 . . . . . . . . . . . . . . Combat Hostiles 1 | . 1 . . . . . . . . . . . . . . Robots Corrupted . | . . . . . . . . . . . . . . . . Combat Hostiles . | . . . . . . . . . . . . . . . . Parts Fried 1 | . . . . . . . . . . . . . 1 . . Impact Corruptions . | . . . . . . . . . . . . . . . . Robots Melted 5 | . . . . . . . 2 . . 2 1 . . . . Combat Hostiles 3 | . . . . . . . 2 . . 1 . . . . . Parts Melted 7 | . . . . . . 1 1 2 . 3 . . . . . Heat Transferred 7469 | . 250 . . . 37 1924 1700 518 . 1486 999 259 296 . . Parts Sabotaged . | . . . . . . . . . . . . . . . . Parts Stolen . | . . . . . . . . . . . . . . . . Parts Stripped . | . . . . . . . . . . . . . . . . Power Chain Reactions . | . . . . . . . . . . . . . . . . Alert | -11 -10 -9 -9 -9 -8 -8 -8 -7 -6 -6 -5 -5 -5 -5 -4 ------- Run | Yrd Mat Mat Min Exi Min Mat Sto Fac Fac DSF Fac Upp Upp Zhi Pro Maximum Alert Level 2 | . . . . . . 2 1 2 1 2 2 . . . . Low Security (%) 76 | 100 100 100 100 . 100 53 47 84 . 22 35 . . . . Level 1 17 | . . . . . . 35 52 6 100 42 55 . . . . Level 2 6 | . . . . . . 10 . 8 . 35 9 . . . . Level 3 . | . . . . . . . . . . . . . . . . Level 4 . | . . . . . . . . . . . . . . . . Level 5 . | . . . . . . . . . . . . . . . . High Security . | . . . . . . . . . . . . . . . . Max Security . | . . . . . . . . . . . . . . . . Sterilizations 1 | . . . . . . . . . . 1 . . . . . Peak Influence 627 | . 77 155 90 . 147 443 364 627 256 432 449 . . . . Initial 252 | . . 20 30 . . 18 147 49 252 157 196 . . . . Average 125 | . 7 84 46 . 61 190 216 108 252 302 247 . . . . Influence Increases 5074 | . 195 553 70 . 426 803 591 1364 4 285 633 90 60 . . Destroy 0b10 Robot/C 3000 | . 140 400 60 . 300 360 340 760 . 240 260 80 60 . . Destroy 0b10 Robot/NC 315 | . 25 30 . . . 105 30 70 . 5 50 . . . . Destroy Leader 760 | . 30 118 10 . 50 92 132 210 . 40 68 10 . . . Successful Hack 62 | . . 3 . . . 10 17 28 4 . . . . . . Disable Machine 63 | . . . . . . 9 18 9 . . 27 . . . . Anti-Garrison Action 150 | . . . . . . . . 150 . . . . . . . Destroy Structure 634 | . . 2 . . 61 182 39 122 . . 228 . . . . Partial Spotted 15 | . . . . . . . . 15 . . . . . . . Lose Combat Pursuer 75 | . . . . . 15 45 15 . . . . . . . . Influence Decreases 5074 | . 138 517 153 10 370 449 873 895 345 109 636 519 60 . . Entered New Map 1363 | . . 37 63 10 . 38 263 79 345 99 236 193 . . . Time Decay 3191 | . 138 440 80 . 330 401 290 816 . . 330 306 60 . . Lost Part 220 | . . 40 10 . 40 10 20 . . 10 70 20 . . . Purge Threat 300 | . . . . . . . 300 . . . . . . . . Squads Dispatched 41 | . 2 3 . . . 4 4 21 . 2 5 . . . . Investigation 11 | . 2 2 . . . 1 2 4 . . . . . . . Extermination 5 | . . . . . . . . 4 . . 1 . . . . Reinforcement 13 | . . 1 . . . 3 2 4 . 2 1 . . . . Assault 1 | . . . . . . . . 1 . . . . . . . Garrison 11 | . . . . . . . . 8 . . 3 . . . . Intercept . | . . . . . . . . . . . . . . . . Searches Triggered . | . . . . . . . . . . . . . . . . Construction Impeded 7 | . . . . . . 2 1 3 . . 1 . . . . Haulers Reinforced 1 | . . . . . . . . 1 . . . . . . . Active Scanning Responses . | . . . . . . . . . . . . . . . . Cargo Convoy Interrupts . | . . . . . . . . . . . . . . . . Stealth | -11 -10 -9 -9 -9 -8 -8 -8 -7 -6 -6 -5 -5 -5 -5 -4 --------- Run | Yrd Mat Mat Min Exi Min Mat Sto Fac Fac DSF Fac Upp Upp Zhi Pro Distress Signals 10 | . 2 4 . . . 3 . 1 . . . . . . . Communications Jammed . | . . . . . . . . . . . . . . . . Distress Signals . | . . . . . . . . . . . . . . . . Times Spotted 206 | . 10 33 3 . 16 30 21 54 1 12 15 5 4 . 2 Peak Tracking Total 9 | . 4 9 3 . 6 4 3 6 4 4 4 3 2 . 4 Tactical Retreats 3 | . . . . . 1 1 1 . . . . . . . . Traps | -11 -10 -9 -9 -9 -8 -8 -8 -7 -6 -6 -5 -5 -5 -5 -4 ------- Run | Yrd Mat Mat Min Exi Min Mat Sto Fac Fac DSF Fac Upp Upp Zhi Pro Traps Triggered 9 | . 2 1 . . . 1 1 1 . 3 . . . . . Indirectly . | . . . . . . . . . . . . . . . . Trap Hack Attempts . | . . . . . . . . . . . . . . . . Triggered . | . . . . . . . . . . . . . . . . Disarmed . | . . . . . . . . . . . . . . . . Reprogrammed . | . . . . . . . . . . . . . . . . Reused . | . . . . . . . . . . . . . . . . Traps Extracted . | . . . . . . . . . . . . . . . . Installed . | . . . . . . . . . . . . . . . . Triggered . | . . . . . . . . . . . . . . . . Machines | -11 -10 -9 -9 -9 -8 -8 -8 -7 -6 -6 -5 -5 -5 -5 -4 ---------- Run | Yrd Mat Mat Min Exi Min Mat Sto Fac Fac DSF Fac Upp Upp Zhi Pro Machines Disabled 9 | . . . . . . 1 2 2 . . 3 . . 1 . Max in Single Turn 2 | . . . . . . 1 1 2 . . 1 . . 1 . Garrison Access 1 | . . . . . . . . 1 . . . . . . . Machines Repaired . | . . . . . . . . . . . . . . . . Machines Dismantled . | . . . . . . . . . . . . . . . . Machines Sabotaged . | . . . . . . . . . . . . . . . . Overloaded Fab Kills . | . . . . . . . . . . . . . . . . Hacking | -11 -10 -9 -9 -9 -8 -8 -8 -7 -6 -6 -5 -5 -5 -5 -4 --------- Run | Yrd Mat Mat Min Exi Min Mat Sto Fac Fac DSF Fac Upp Upp Zhi Pro Machines Accessed 24 | . 1 3 . 1 . 3 5 8 1 . 2 . . . . Terminals 18 | . 1 2 . . . 3 5 4 1 . 2 . . . . Fabricators 2 | . . . . . . . . 2 . . . . . . . Repair Stations 3 | . . 1 . . . . . 2 . . . . . . . Recycling Units . | . . . . . . . . . . . . . . . . Scanalyzers . | . . . . . . . . . . . . . . . . Garrison Access . | . . . . . . . . . . . . . . . . Total Hacks 70 | . 2 7 . 9 . 9 19 20 2 . 2 . . . . Successful 53 | . 1 5 . 9 . 6 16 14 1 . 1 . . . . Failed 17 | . 1 2 . . . 3 3 6 1 . 1 . . . . Catastrophic 2 | . . 1 . . . . . . . . 1 . . . . Database Lockouts . | . . . . . . . . . . . . . . . . Manual 18 | . . . . . . 4 11 2 . . 1 . . . . Terminals 45 | . 2 3 . . . 9 19 8 2 . 2 . . . . Fabricators 5 | . . . . . . . . 5 . . . . . . . Repair Stations 11 | . . 4 . . . . . 7 . . . . . . . Recycling Units . | . . . . . . . . . . . . . . . . Scanalyzers . | . . . . . . . . . . . . . . . . Garrison Access . | . . . . . . . . . . . . . . . . Terminal Hacks 39 | . 1 1 . 9 . 6 16 4 1 . 1 . . . . Record 10 | . . . . 9 . . 1 . . . . . . . . Part Schematic 1 | . . . . . . 1 . . . . . . . . . Open Door 1 | . . . . . . . 1 . . . . . . . . Open DSF 3 | . . . . . . . . 1 1 . 1 . . . . Level Access Points 1 | . . . . . . . 1 . . . . . . . . Branch Access Points 2 | . . . . . . 1 1 . . . . . . . . Alert Level 5 | . . . . . . . 4 1 . . . . . . . Unreport Threat 2 | . . . . . . . 2 . . . . . . . . Patrol Status 1 | . . . . . . 1 . . . . . . . . . Recall Investigation 1 | . 1 . . . . . . . . . . . . . . Hauler Manifests 1 | . . . . . . . 1 . . . . . . . . Registered Components 2 | . . 1 . . . . 1 . . . . . . . . Zone Layout 9 | . . . . . . 3 4 2 . . . . . . . Fabricator Hacks 3 | . . . . . . . . 3 . . . . . . . Load Schematic 2 | . . . . . . . . 2 . . . . . . . Build 1 | . . . . . . . . 1 . . . . . . . Repair Station Hacks 11 | . . 4 . . . . . 7 . . . . . . . Scan Component 6 | . . 2 . . . . . 4 . . . . . . . Repair 5 | . . 2 . . . . . 3 . . . . . . . Recycling Unit Hacks . | . . . . . . . . . . . . . . . . Scanalyzer . | . . . . . . . . . . . . . . . . Garrison Access Hacks . | . . . . . . . . . . . . . . . . Unauthorized Hacks . | . . . . . . . . . . . . . . . . Terminals . | . . . . . . . . . . . . . . . . Fabricators . | . . . . . . . . . . . . . . . . Repair Stations . | . . . . . . . . . . . . . . . . Recycling Units . | . . . . . . . . . . . . . . . . Scanalyzers . | . . . . . . . . . . . . . . . . Garrison Access . | . . . . . . . . . . . . . . . . Data Cores Recovered . | . . . . . . . . . . . . . . . . Used . | . . . . . . . . . . . . . . . . Hacking Detections 19 | . . 2 . . . 4 4 8 . . 1 . . . . Full Trace Events 7 | . . 1 . . . . 2 4 . . . . . . . Feedback Events 1 | . . . . . . . . 1 . . . . . . . Corruption 1 | . . . . . . . . 1 . . . . . . . Feedback Blocked . | . . . . . . . . . . . . . . . . Robot Schematics Acquired . | . . . . . . . . . . . . . . . . Robots Built . | . . . . . . . . . . . . . . . . Authchips . | . . . . . . . . . . . . . . . . Time . | . . . . . . . . . . . . . . . . Total Robot Build Rating . | . . . . . . . . . . . . . . . . Part Schematics Acquired 1 | . . . . . . 1 . . . . . . . . . Parts Built 2 | . . . . . . . . 2 . . . . . . . Authchips . | . . . . . . . . . . . . . . . . Time 31 | . . . . . . . . 31 . . . . . . . Total Part Build Rating 4 | . . . . . . . . 4 . . . . . . . Parts Repaired 4 | . . 2 . . . . . 2 . . . . . . . Time 188 | . . 64 . . . . . 124 . . . . . . . Parts Recycled . | . . . . . . . . . . . . . . . . Recycled Matter . | . . . . . . . . . . . . . . . . Retrieved Matter . | . . . . . . . . . . . . . . . . Retrieved Components . | . . . . . . . . . . . . . . . . Parts Scanalyzed . | . . . . . . . . . . . . . . . . Part Schematics Acquired . | . . . . . . . . . . . . . . . . Parts Damaged . | . . . . . . . . . . . . . . . . Bothacking | -11 -10 -9 -9 -9 -8 -8 -8 -7 -6 -6 -5 -5 -5 -5 -4 ------------ Run | Yrd Mat Mat Min Exi Min Mat Sto Fac Fac DSF Fac Upp Upp Zhi Pro Used RIF Installer . | . . . . . . . . . . . . . . . . Robots Hacked 3 | . . . . . . . 3 . . . . . . . . Non-combat 2 | . . . . . . . 2 . . . . . . . . Combat 1 | . . . . . . . 1 . . . . . . . . Robot Hacks Applied 3 | . . . . . . . 3 . . . . . . . . parse_system 3 | . . . . . . . 3 . . . . . . . . Relay Couplers Released 3 | . . . . . . . . 3 . . . . . . . Machine Destruction 3 | . . . . . . . . 3 . . . . . . . Fabnet Peak Effective % . | . . . . . . . . . . . . . . . . Robots Rewired . | . . . . . . . . . . . . . . . . Allies Hacked . | . . . . . . . . . . . . . . . . Hacks Repelled . | . . . . . . . . . . . . . . . . Allies | -11 -10 -9 -9 -9 -8 -8 -8 -7 -6 -6 -5 -5 -5 -5 -4 -------- Run | Yrd Mat Mat Min Exi Min Mat Sto Fac Fac DSF Fac Upp Upp Zhi Pro Total Allies . | . . . . . . . . . . . . . . . . Largest Group . | . . . . . . . . . . . . . . . . Highest-Rated Group . | . . . . . . . . . . . . . . . . Highest-Rated Ally . | . . . . . . . . . . . . . . . . Initial Warlord ECA Mod 44 | . . . . . . . . . . . 9 9 9 9 8 Total Orders . | . . . . . . . . . . . . . . . . Ally Attacks . | . . . . . . . . . . . . . . . . Total Damage . | . . . . . . . . . . . . . . . . Kills . | . . . . . . . . . . . . . . . . Allies Corrupted . | . . . . . . . . . . . . . . . . Allies Melted . | . . . . . . . . . . . . . . . . Intel | -11 -10 -9 -9 -9 -8 -8 -8 -7 -6 -6 -5 -5 -5 -5 -4 ------- Run | Yrd Mat Mat Min Exi Min Mat Sto Fac Fac DSF Fac Upp Upp Zhi Pro Active Infowar (turns) 8401 | . 746 897 179 1097 799 933 598 2193 12 253 673 21 . . . Sensors 8357 | . 746 897 179 1097 755 933 598 2193 12 253 673 21 . . . T.N.C. 4961 | . . 897 179 1097 799 933 598 458 . . . . . . . Robot Analysis Total . | . . . . . . . . . . . . . . . . Derelict Logs Recovered 1 | . . . . . . . . . . . . 1 . . . Drone Launches . | . . . . . . . . . . . . . . . . Drone Recoveries . | . . . . . . . . . . . . . . . . Exploration | -11 -10 -9 -9 -9 -8 -8 -8 -7 -6 -6 -5 -5 -5 -5 -4 ------------- Run | Yrd Mat Mat Min Exi Min Mat Sto Fac Fac DSF Fac Upp Upp Zhi Pro Turns Passed 11597 | 67 1015 897 179 1097 799 933 598 2193 12 370 678 1192 525 1020 22 Spaces Moved 6136 | 47 706 466 138 909 434 576 256 1082 7 122 309 573 295 203 13 Core 8 | 7 . . . . . . . . . . . . . 1 . Treads 1751 | . . . . . . . . 230 7 122 309 573 295 202 13 Legs 4377 | 40 706 466 138 909 434 576 256 852 . . . . . . . Wheels . | . . . . . . . . . . . . . . . . Hover . | . . . . . . . . . . . . . . . . Flight . | . . . . . . . . . . . . . . . . Fastest Speed 50 | 50 120 120 120 120 120 120 123 113 160 160 166 165 165 165 165 Average Speed 142 | 109 120 120 120 120 120 121 133 153 160 206 172 199 165 167 165 Slowest Speed 750 | 120 120 120 120 120 120 190 190 240 160 246 250 250 166 750 165 Overloaded Moves . | . . . . . . . . . . . . . . . . Propulsion Burnouts . | . . . . . . . . . . . . . . . . Robots Hopped . | . . . . . . . . . . . . . . . . Potential Cave-ins . | . . . . . . . . . . . . . . . . Cave-ins Triggered . | . . . . . . . . . . . . . . . . Exploration Rate (%) 51 | 4 79 41 38 92 73 42 44 31 . 88 10 86 54 88 4 Regions Visited 15 Branch Regions 8 Pre-discovered Areas 1 | . . . . . . . . . . . . 1 . . . Known Exits Taken 7 | . . . . . . 1 1 1 1 . 1 1 . 1 . Unknown Exits Taken 7 | 1 1 1 1 1 1 . . . . . . . 1 . . Scrap Searched 6 | . . . 1 . 1 . . . . . . 3 1 . . Spaces Dug . | . . . . . . . . . . . . . . . . Terrain Destroyed 655 | . . . . . 83 211 37 173 . . 139 8 4 . . Melee . | . . . . . . . . . . . . . . . . Projectile 23 | . . . . . . . 6 1 . . 4 8 4 . . AOE 632 | . . . . . 83 211 31 172 . . 135 . . . . Terrain Rammed . | . . . . . . . . . . . . . . . . Walls Destroyed . | . . . . . . . . . . . . . . . . Machines Disabled . | . . . . . . . . . . . . . . . . Actions | -11 -10 -9 -9 -9 -8 -8 -8 -7 -6 -6 -5 -5 -5 -5 -4 --------- Run | Yrd Mat Mat Min Exi Min Mat Sto Fac Fac DSF Fac Upp Upp Zhi Pro Total 8268 | 62 815 659 143 913 669 717 427 1451 8 195 404 599 310 883 13 Wait 1381 | 2 30 101 . . 192 45 84 199 . 11 35 3 5 674 . Move 6121 | 46 705 465 137 908 433 575 255 1081 6 121 308 572 294 202 13 Hop . | . . . . . . . . . . . . . . . . Pick Up 102 | 8 18 8 1 1 6 16 5 21 . 8 4 6 . . . Fast Attach 7 | . 2 . . . . 1 . 3 . 1 . . . . . Attach 66 | 5 5 9 1 . 7 3 3 9 2 1 13 4 1 3 . Detach 6 | . 1 . . . . . . . . 1 2 1 . 1 . Swap 65 | 1 8 . . . 1 8 21 11 . 10 3 1 . 1 . Drop 63 | . 12 1 . 1 . 8 7 18 . 10 4 . . 2 . Fire 444 | . 34 75 4 1 30 60 48 109 . 26 35 12 10 . . Melee 4 | . . . . . . . 4 . . . . . . . . Ram . | . . . . . . . . . . . . . . . . Kick 1 | . . . . . . 1 . . . . . . . . . Crush . | . . . . . . . . . . . . . . . . Escape Stasis 6 | . . . . . . . . . . 6 . . . . . Rewire 2 | . . . . 2 . . . . . . . . . . . Trap . | . . . . . . . . . . . . . . . . Miscellaneous . | . . . . . . . . . . . . . . . . Route ------- -11/Scrapyard -10/Materials (discovered 2 exits: *Mat / [*Min]) -9/Materials -9/Mines -9/Exiles -8/Mines -8/Materials (discovered 2 exits: *Fac / *Sto) -8/Storage (discovered 2 exits: *Fac / Rec) -7/Factory -6/Factory -6/DSF -5/Factory -5/Upper Caves -5/Upper Caves -5/Zhirov -4/Proximity Caves History --------- Turn | Location | Event 3 | -11/Scrapyard | Discovered new exit (range 15) 68 | -11/Scrapyard | Entered Materials 163 | -10/Materials | Discovered new exit (range 16) 312 | -10/Materials | Build established: Mutant 402 | -10/Materials | Discovered new exit (range 13) 1083 | -10/Materials | Entered another Materials area 1083 | -9/Materials | Evolved 2 slots: Utility x2 1417 | -9/Materials | Lost 4 parts (1p1u2w) 1676 | -9/Materials | Build established: Scavenger-Mutant 1826 | -9/Materials | Repaired Imp. Aluminum Leg 1860 | -9/Materials | Repaired Imp. Aluminum Leg 1968 | -9/Materials | Discovered new exit (range 11) 1980 | -9/Materials | Entered Mines 2088 | -9/Mines | Assembled infested the area 2154 | -9/Mines | Discovered new exit (range 5) 2159 | -9/Mines | Entered Exiles 2189 | -9/Exiles | Met 8R-AWN 2211 | -9/Exiles | Met EX-HEX 2270 | -9/Exiles | Met EX-DEC 2324 | -9/Exiles | Met EX-BIN 2437 | -9/Exiles | Discovered new exit (range 12) 2522 | -9/Exiles | Visited The Gauntlet 3256 | -9/Exiles | Entered Mines 3384 | -8/Mines | Lost 4 parts (1p2u1w) 3728 | -8/Mines | Build established: Mutant 3884 | -8/Mines | Lost 3 parts (1n1u1w) 4031 | -8/Mines | Discovered new exit (range 15) 4055 | -8/Mines | Entered Materials 4055 | -8/Materials | Evolved 2 slots: Propulsion x1, Utility x1 4120 | -8/Materials | Discovered new exit (range 15) 4164 | -8/Materials | Identified exit to Storage 4450 | -8/Materials | Build established: Hacker-Mutant 4661 | -8/Materials | Discovered new exit (range 12) 4988 | -8/Materials | Entered Storage 5417 | -8/Storage | Identified exit to Factory 5417 | -8/Storage | Identified exit to Recycling 5586 | -8/Storage | Entered Factory 5586 | -7/Factory | Evolved 2 slots: Power x1, Weapon x1 5885 | -7/Factory | Build established: Mutant 6295 | -7/Factory | Build established: Tank 6329 | -7/Factory | Allied Derelicts emerged from ambush trap array 6764 | -7/Factory | Garrison activated, responded to threat 7091 | -7/Factory | Garrison activated, responded to threat 7271 | -7/Factory | Repaired Mni. Grenade Launcher 7333 | -7/Factory | Repaired Enh. Autogun 7423 | -7/Factory | Garrison activated, responded to threat 7501 | -7/Factory | Destroyed 8 combat bots 7641 | -7/Factory | Discovered new exit (range 16) 7735 | -7/Factory | Fabricated Med. Armor Plating (x2) 7764 | -7/Factory | Identified exit to Factory 7779 | -7/Factory | Entered another Factory area 7779 | -6/Factory | Evolved 2 slots: Utility x1, Weapon x1 7789 | -6/Factory | Identified exit to DSF 7791 | -6/Factory | Entered DSF 7819 | -6/DSF | Additional patrols routed to DSF 8001 | -6/DSF | Sterilization system engaged 8021 | -6/DSF | Ambient heat levels rising (+10) 8036 | -6/DSF | Ambient heat levels rising (+10) 8051 | -6/DSF | Ambient heat levels rising (+10) 8066 | -6/DSF | Ambient heat levels rising (+10) 8081 | -6/DSF | Ambient heat levels rising (+10) 8096 | -6/DSF | Ambient heat levels rising (+10) 8111 | -6/DSF | Ambient heat levels rising (+10) 8121 | -6/DSF | Discovered new exit (range 16) 8126 | -6/DSF | Ambient heat levels rising (+10) 8141 | -6/DSF | Ambient heat levels rising (+10) 8143 | -6/DSF | Core integrity fell below 50% 8156 | -6/DSF | Ambient heat levels rising (+10) 8159 | -6/DSF | Identified exit to Factory 8161 | -6/DSF | Entered Factory 8161 | -5/Factory | Evolved 2 slots: Propulsion x1, Utility x1 8490 | -5/Factory | Discovered new exit (range 15) 8515 | -5/Factory | Identified exit to Upper Caves 8584 | -5/Factory | Garrison activated, responded to threat 8618 | -5/Factory | Lost 4 parts (1n2u1w) 8807 | -5/Factory | Lost 3 parts (1n1u1w) 8839 | -5/Factory | Entered Upper Caves 8872 | -5/Upper Caves | Met a Warlord Commander 8873 | -5/Upper Caves | Learned location of Warlord (-4) 8874 | -5/Upper Caves | Warlord Commander delivered Encrypted Comm Array 8908 | -5/Upper Caves | Found Encrypted Comm Array 9082 | -5/Upper Caves | Build established: Gunner 9195 | -5/Upper Caves | Learned location of 1 exit from Factory 9779 | -5/Upper Caves | Build established: Tank 10015 | -5/Upper Caves | Discovered new exit (range 12) 10030 | -5/Upper Caves | Identified exit to Upper Caves 10031 | -5/Upper Caves | Entered another Upper Caves area 10094 | -5/Upper Caves | Attracted the attention of an 0b10 checkpoint 10517 | -5/Upper Caves | Spotted B-75 Beast 10551 | -5/Upper Caves | Discovered new exit (range 3) 10556 | -5/Upper Caves | Entered Zhirov 10556 | -5/Zhirov | Discovered new exit (range 3) 10810 | -5/Zhirov | Cloak Generator disabled 10820 | -5/Zhirov | Enhanced Grunts warped into view 10824 | -5/Zhirov | Build established: Gunner 10871 | -5/Zhirov | Lost 7 allies 11574 | -5/Zhirov | Identified exit to Proximity Caves 11576 | -5/Zhirov | Entered Proximity Caves 11598 | -4/Proximity Caves | Self-destructed Last Messages --------------- System corrupted: Component data lost. RHD=|#SPHPDIZ8H20: Enh. Nuclear Core functionality restored. System corrupted: Energy discharge (-12). Adv. Signal Interpreter functionality restored. Dropped Recalibrator. :7,,XS|V/MT4/B4CJ2J8DGGVPCI=LDF9VXSPZ Discarded Mak. Hacking Suite. Acquired 33 matter. System corrupted: Matter fused (-5). EGZV:UIWGN,YYXXY9NVE F2 Acquired 85 matter. 2IRPZVOADRAI,Y/ /V| ,4BBI System corrupted: Heat flow error (+132). System corrupted: Component data lost. System corrupted: Matter fused (-9). |YCJZMR5S3